 Dungeon Crawl Stone Soup version 0.26-a0-1106-g6dfc622489 (webtiles) character file.

Game seed: 11837989005840341719

9923 Murumi the Thrower (level 11, -4/172 HPs)
             Began as an Ogre Conjurer on Dec 16, 2020.
             Was a High Priest of Okawaru.
             Slain by a freezing wraith (7 damage)
             ... in an ice cave.
             The game lasted 01:04:25 (17274 turns).

Murumi the Thrower (Ogre Conjurer)                 Turns: 17274, Time: 01:04:25

Health: -4/172     AC: 10    Str: 16    XL:     11   Next: 54%
Magic:  9/15       EV: 16    Int: 19    God:    Okawaru [*****.]
Gold:   1238       SH:  0    Dex:  7    Spells: 13/16 levels left

rFire    . . .     SeeInvis .   b - +3 whip (drain)
rCold    + . .     Faith    .   (no shield)
rNeg     . . .     Spirit   .   y - +1 troll leather armour
rPois    .         Reflect  .   E - +2 hat
rElec    .         Harm     .   n - +0 cloak
rCorr    .         Rampage  .   (gloves unavailable)
Will     +....                  (boots unavailable)
Stlth    ..........             H - amulet of regeneration
HPRegen  1.18/turn              K - +4 ring of evasion
MPRegen  0.14/turn              A - ring of protection from cold

@: berserking, heroism, slowed
A: large, unfitting armour, tough skin 1
a: Heroism, Finesse, Renounce Religion


You were in an ice cave.
You worshipped Okawaru.
Okawaru was extremely pleased with you.
You visited 3 branches of the dungeon, and saw 14 of its levels.
You also visited: Ossuary and Ice Cave.

You collected 1292 gold pieces.
You spent 54 gold pieces at shops.

Inventory:

Hand Weapons
 b - a +3 whip of draining (weapon)
 L - a +0 giant spiked club
 O - a +0 dire flail
Missiles
 a - 2 silver boomerangs
 d - 300 stones (quivered)
 p - 32 poisoned darts
 q - 18 large rocks
 D - a throwing net
 F - 4 boomerangs
 N - 9 javelins
Armour
 n - a +0 cloak (worn)
 u - a +0 kite shield
 y - a +1 troll leather armour (worn)
 E - a +2 hat (worn)
Jewellery
 A - a ring of protection from cold (right hand)
 G - an uncursed ring of protection from fire
 H - an amulet of regeneration (around neck)
 K - a +4 ring of evasion (left hand)
Wands
 r - a wand of iceblast (45)
 z - a wand of random effects (20)
 I - a wand of flame (25)
 M - a wand of paralysis (12)
 P - a wand of enslavement (9)
 Q - a wand of disintegration (15)
Scrolls
 g - 7 scrolls of remove curse
 k - 5 scrolls of identify
 o - 3 scrolls of teleportation
 s - 2 scrolls of blinking
 t - a scroll of fog
 J - 2 scrolls of fear
Potions
 c - 5 potions of brilliance
 e - 13 potions of curing
 f - a potion of ambrosia
 h - 2 potions of haste
 j - a potion of flight
 l - 3 potions of might
 m - 3 potions of magic
 v - a potion of berserk rage
 w - 3 potions of lignification
 x - 3 potions of mutation
 B - a potion of resistance


   Skills:
 - Level 9.0(14.0) Fighting
 + Level 8.0(13.0) Maces & Flails
 - Level 9.0(14.0) Throwing
 - Level 3.0(8.0) Armour
 - Level 4.0(9.0) Dodging
 - Level 7.0(12.0) Stealth
 - Level 3.0 Spellcasting
 - Level 4.0 Conjurations
 - Level 3.0 Invocations
 - Level 1.0 Evocations


You had 13 spell levels left.
You knew the following spells:

 Your Spells              Type           Power        Failure   Level
a - Magic Dart            Conj           ###.         3%          1
b - Searing Ray           Conj           ###...       5%          2

Your spell library contained the following spells:

 Spells                   Type           Power        Failure   Level
 Beastly Appendage        Tmut           #.....       19%         1
 Summon Small Mammal      Summ           #...         19%         1
 Dazzling Flash           Conj/Hex       ##....       24%         3
 Call Imp                 Summ           #.......     26%         2
 Wereblood                Tmut           #.......     26%         2
 Call Canine Familiar     Summ           #.......     47%         3
 Spider Form              Tmut/Pois      #.........   47%         3
 Summon Guardian Golem    Hex/Summ       #.......     47%         3
 Fulminant Prism          Conj/Hex       ##........   61%         4
 Iskenderun's Mystic Bla  Conj/Tloc      ##......     61%         4
 Ice Form                 Ice/Tmut       #.......     87%         4
 Summon Ice Beast         Ice/Summ       #.......     87%         4
 Summon Lightning Spire   Summ/Air       #.......     87%         4
 Blade Hands              Tmut           #.........   99%         5


Dungeon Overview and Level Annotations

Branches:
Dungeon (12/15)            Temple (1/1) D:5            Lair (1/6) D:11
    Orc (0/2) D:9         Ossuary (visited)           IceCv (1/1)

Altars:
Ashenzari
Cheibriados
Dithmenos
Elyvilon
Fedhas
Gozag
Hepliaklqana
Kikubaaqudgha
Makhleb
Nemelex Xobeh
Okawaru
Qazlal
Ru
Sif Muna
Trog
Uskayaw
Vehumet
Wu Jian
Xom
Yredelemnul
Zin
The Shining One

Shops:
D:4 *   D:10 [


Innate Abilities, Weirdness & Mutations

You are too large for most types of armour.
You have tough skin. (AC +1)


Message History

The freezing wraith is moderately damaged.
The freezing wraith closely misses you. The freezing wraith misses you.
You barely miss the freezing wraith.
The freezing wraith is moderately damaged.
You hit the freezing wraith.
The freezing wraith is heavily damaged.
The freezing wraith barely misses you. The freezing wraith misses you.
You closely miss the freezing wraith.
The freezing wraith is heavily damaged.
You barely miss the freezing wraith.
The freezing wraith is heavily damaged.
The freezing wraith misses you. x2
You whack the freezing wraith!
The freezing wraith is severely damaged.
You barely miss the freezing wraith.
The freezing wraith is severely damaged.
The freezing wraith hits you.
* * * LOW HITPOINT WARNING * * *
The freezing wraith freezes you! You resist.
You die...

######
##....###
#...@W..###
##..###...##
##. ##...##
## ##...##
##...#
##W...#
##....#
##..# ..#


You could see a freezing wraith.

Vanquished Creatures
  Harold (D:7)
  An ugly thing (D:9)
  A black mamba (Lair:1)
  Joseph (D:7)
  3 trolls
  A hornet (D:10)
  Prince Ribbit (D:5)
  5 yaks (D:11)
  A wyvern (D:10)
  A steam dragon (D:10)
  A water moccasin (D:5)
  Duvessa (D:7)
  5 ice beasts
  8 orc warriors
  A phantom (D:9)
  9 ogres
  2 centaurs (D:10)
  3 big kobolds
  5 bullfrogs
  6 gnoll sergeants
  Dowan (D:7)
  A scorpion (D:11)
  A vampire bat (D:6)
  3 wights (D:8)
  3 howler monkeys
  A bullfrog zombie (D:6)
  5 centaur zombies
  3 hounds
  2 jellies
  11 orc wizards
  2 centaur skeletons
  3 orc priests
  Jessica (D:2)
  Terence (D:4)
  3 iguanas
  7 worker ants
  A killer bee zombie (D:7)
  A wolf simulacrum (IceCv)
  A big kobold zombie (Ossuary)
  8 mummies (Ossuary)
  A hound skeleton (D:4)
  3 worker ant zombies
  Robin (D:3)
  A howler monkey zombie (D:6)
  12 adders
  18 gnolls
  16 white imps
  3 ufetubi
  3 oozes
  An adder skeleton (D:8)
  A worm (D:3)
  The ghost of rlgrobin the Sneak, a weakling KoDe (D:5)
  4 dart slugs
  7 leopard geckos
  57 orcs
  A ball python (D:1)
  13 bats
  2 bat skeletons (D:6)
  4 bat zombies (D:6)
  6 giant cockroaches
  3 gnoll zombies (Ossuary)
  13 goblins
  4 hobgoblins
  28 jackals
  6 quokkas
  5 frilled lizards
  A hobgoblin zombie (Ossuary)
  2 jackal skeletons
  9 kobolds
  2 kobold zombies (Ossuary)
  A leopard gecko skeleton (D:4)
  An orc zombie (Ossuary)
  A quokka skeleton (D:8)
  2 quokka zombies
  4 rats (D:1)
353 creatures vanquished.

Vanquished Creatures (others)
  3 plants (D:5)
3 creatures vanquished.

Grand Total: 356 creatures vanquished

Notes
Turn   | Place    | Note
-------+----------+-------------------------------------------
     0 | D:1      | Murumi the Ogre Conjurer began the quest for the Orb.
     0 | D:1      | Reached XP level 1. HP: 16/16 MP: 3/3
   265 | D:1      | Reached XP level 2. HP: 24/24 MP: 1/5
   269 | D:1      | Learned a level 2 spell: Searing Ray
   422 | D:1      | Reached XP level 3. HP: 24/31 MP: 0/7
  1162 | D:1      | Reached skill level 1 in Throwing
  1375 | D:1      | Reached skill level 1 in Maces & Flails
  1416 | D:1      | Reached XP level 4. HP: 39/39 MP: 5/8
  1801 | D:1      | Reached skill level 1 in Fighting
  2518 | D:2      | Found a faded altar of an unknown god.
  2527 | D:2      | Reached XP level 5. HP: 48/48 MP: 9/9
  2532 | D:2      | Noticed Terence
  2938 | D:2      | Noticed Jessica
  2939 | D:2      | Killed Jessica
  3052 | D:2      | Found a stormy altar of Qazlal.
  3054 | D:2      | Noticed a water elemental
  3054 | D:2      | Noticed an air elemental
  3055 | D:2      | Noticed a fire elemental
  3881 | D:3      | Identified the cursed +0 helmet of the Sun {*Contam +Inv
                  | Str+8 Int-5}
  3881 | D:3      | Noticed Robin
  3895 | D:3      | Killed Robin
  4297 | D:3      | Found a snail-covered altar of Cheibriados.
  4508 | D:3      | Reached XP level 6. HP: 57/57 MP: 8/10
  5566 | D:4      | Reached XP level 7. HP: 64/67 MP: 1/11
  5682 | D:4      | Found Esialoq's Assorted Antiques.
  5699 | D:4      | Bought a scroll labelled WEUGAPHUAMNA for 27 gold pieces
  5699 | D:4      | Bought a scroll labelled CASU JUONEGYE for 27 gold pieces
  5826 | D:4      | Found a glowing silver altar of Zin.
  5826 | D:4      | Noticed an angel
  5949 | D:4      | Killed Terence
  6196 | D:5      | Entered Level 5 of the Dungeon
  6513 | D:5      | Found a staircase to the Ecumenical Temple.
  6518 | D:5      | Noticed Prince Ribbit
  6523 | Temple   | Entered the Ecumenical Temple
  6606 | Temple   | Became a worshipper of Warmaster Okawaru
  6638 | D:5      | Killed Prince Ribbit
  6639 | D:5      | Reached skill level 1 in Invocations
  6763 | D:5      | Reached skill level 1 in Evocations
  6917 | D:5      | Found a runed translucent door.
  6920 | D:5      | Noticed rlgrobin's ghost (weakling KoDe)
  6939 | D:5      | Reached XP level 8. HP: 76/78 MP: 9/12
  7086 | D:5      | Reached * piety under Okawaru
  7228 | D:5      | Reached skill level 5 in Throwing
  7470 | D:5      | Found a glowing golden altar of the Shining One.
  7664 | D:5      | Killed rlgrobin's ghost
  7923 | D:6      | Found a sand-covered staircase.
  7927 | Ossuary  | Entered an ossuary
  8122 | Ossuary  | Reached skill level 5 in Maces & Flails
  8758 | D:6      | Got a glimmering mace
  8758 | D:6      | Identified the +2 mace of Olopp {flame, Int+8} (You found
                  | it on level 6 of the Dungeon)
  8763 | D:6      | Noticed a shadow
  8764 | D:6      | Found a shadowy altar of Dithmenos.
  9132 | D:6      | Found a hazy altar of Hepliaklqana.
  9324 | D:6      | Reached ** piety under Okawaru
  9443 | D:6      | Found an ancient bone altar of Kikubaaqudgha.
  9453 | D:6      | Reached skill level 5 in Fighting
  9651 | D:6      | Reached XP level 9. HP: 74/88 MP: 4/13
  9893 | D:6      | You fall into a shaft and drop 2 floors!
  9905 | D:7      | Noticed Duvessa
  9905 | D:7      | Noticed Dowan
  9923 | D:7      | Killed Dowan
  9942 | D:7      | Killed Duvessa
 10157 | D:7      | Found a white marble altar of Elyvilon.
 10179 | D:7      | Noticed Joseph
 10181 | D:7      | Noticed Harold
 10187 | D:7      | Killed Joseph
 10248 | D:7      | Killed Harold
 10248 | D:7      | Reached *** piety under Okawaru
 10249 | D:7      | Reached skill level 5 in Stealth
 10891 | D:7      | Reached **** piety under Okawaru
 11173 | D:7      | Reached XP level 10. HP: 89/98 MP: 6/14
 12094 | D:8      | Found a bloodstained altar of Trog.
 12138 | D:8      | Found a bloodstained altar of Trog.
 13261 | D:9      | Noticed a brown ugly thing
 13280 | D:9      | Killed a brown ugly thing
 13709 | D:9      | Reached ***** piety under Okawaru
 13822 | D:9      | Found a staircase to the Orcish Mines.
 14817 | D:9      | Received a gift from Okawaru
 14952 | D:10     | Entered Level 10 of the Dungeon
 15152 | D:10     | Paralysed by a hornet for 1 turns
 15155 | D:10     | Reached skill level 1 in Armour
 15155 | D:10     | Reached XP level 11. HP: 88/111 MP: 15/15
 15521 | D:10     | Found Pusa Ner's Armour Shop.
 15625 | D:10     | Received a gift from Okawaru
 16244 | D:11     | Found a staircase to the Lair.
 16421 | D:11     | Received a gift from Okawaru
 17053 | Lair:1   | Entered Level 1 of the Lair of Beasts
 17196 | Lair:1   | Found a frozen archway.
 17223 | IceCv    | Entered an ice cave
 17239 | IceCv    | HP: 5/115 [death yak simulacrum (8)]
 17267 | IceCv    | HP: 3/172 [freezing wraith (13)]
 17274 | IceCv    | HP: 3/172 [freezing wraith (4)]
 17274 | IceCv    | Slain by a freezing wraith

Illustrated notes

Levels and vault maps discovered:
D:1:      tarquinn_simple_flora_water_b, layout_basic, nrook_uturn,
          minmay_hexomino_c4
D:2:      layout_rooms, chequers_ecumenical_altar_island, roderic_malta_cross,
          nicolae_qazlal_style_of_elements, uniq_jessica, uniq_terence
D:3:      minmay_door_path, layout_rooms, marbit_many_paths,
          serial_corexii_hall, chequers_hall_statues_y, chequers_hall_statues_y,
          chequers_hall_statues_wall_a, corexii_hall_statues_i, uniq_robin
D:4:      layout_loops_ring, zin_angel, serial_shops, shop_coins
D:5:      layout_loops_ring, tso_oasis_becter,
          minmay_temple_entry_statues_fountains, ebering_ghost_sewer_d,
          kennysheep_potato, uniq_prince_ribbit1
D:6:      layout_basic, riverfiend_overflow_shadow_ancestor,
          kennysheep_vampire_church, nicolae_ossuary_entry_plus
D:7:      layout_basic, elyvilon_altar_5, uniq_harold, uniq_joseph, uniq_duvessa
D:8:      layout_loops_corners, bloody_trog, basic_altar
D:9:      layout_basic, kennysheep_orc_monster_closet_entryway
D:10:     layout_roguey, serial_shops, shop
D:11:     layout_layer_cave, lair_entry_dummy
D:12:     layout_loops_ring, basic_altar
Temple:   nicolae_temple_great_sept
Lair:1:   layout_cave_pods, portal_ice_cave_entry_imps
IceCv:    ice_cave_small_necro

Skill      XL: |  1  2  3  4  5  6  7  8  9 10 11 |
---------------+----------------------------------+-----
Conjurations   | 4 |  4.0
Spellcasting   | 3 |  3.0
Dodging        | 2 3 4 |  4.0
Stealth        | 2 3 4 5 6 7 |  7.0
Throwing       | 1 2 3 4 6 8 9 |  9.0
Maces & Flails | 1 2 3 4 5 6 8 |  8.0
Fighting       | 1 2 3 4 5 6 8 9 |  9.0
Invocations    | 1 2 3 |  3.0
Evocations     | 1 |  1.0
Armour         | 1 3 |  3.0

Action                   |  1- 3 |  4- 6 |  7- 9 | 10-12 || total
-------------------------+-------+-------+-------+-------++-------
Melee: Whip              |    28 |   136 |   229 |   600 ||   993
       Mace              |       |       |    12 |       ||    12
       Punch             |       |       |     1 |     1 ||     2
Throw: Stone             |     8 |    44 |   232 |   397 ||   681
       Dart              |       |       |    23 |    13 ||    36
       Large rock        |       |       |     6 |       ||     6
       Javelin           |       |       |     5 |    11 ||    16
       Throwing net      |       |       |       |     2 ||     2
 Cast: Magic Dart        |    55 |    54 |     4 |       ||   113
       Searing Ray       |     2 |    20 |    32 |    15 ||    69
Invok: Heroism           |       |       |     3 |     4 ||     7
       Finesse           |       |       |       |     1 ||     1
  Use: Scroll            |     6 |     7 |    10 |     9 ||    32
       Potion            |       |     1 |     3 |     4 ||     8
 Stab: Sleeping          |     1 |     2 |     5 |     5 ||    13
       Invisible         |       |     2 |       |       ||     2
Armor: Robe              |    15 |    44 |    78 |    36 ||   173
       Skin              |       |       |     2 |       ||     2
       Troll leather arm |       |       |       |    93 ||    93
Dodge: Dodged            |    19 |    79 |   123 |   316 ||   537

Table legend: (Time is in decaauts)
 A = Elapsed time spent in this place.
 B = Non-inter-level travel time spent in this place.
 C = Inter-level travel time spent in this place.
 D = Time resting spent in this place.
 E = Time spent auto-exploring this place.
 F = Levels seen in this place.
 G = Mean time per level.
                   A        B        C        D        E       F      G
               +--------+--------+--------+--------+--------+-----+--------+
         Total |  16910 |  15744 |   1166 |    496 |  12428 |  16 | 1056.9 |
       Dungeon |  15867 |  14742 |   1125 |    474 |  11774 |  12 | 1322.2 |
        Temple |     93 |     66 |     27 |      0 |     65 |   1 |   93.0 |
          Lair |    132 |    118 |     14 |     22 |     10 |   1 |  132.0 |
       Ossuary |    782 |    782 |      0 |      0 |    579 |   1 |  782.0 |
      Ice Cave |     34 |     34 |      0 |      0 |      0 |   1 |   34.0 |
               +--------+--------+--------+--------+--------+-----+--------+

Top non-repeatable levels by time:
     D:1: 2203 daAuts
     D:9: 1813 daAuts
     D:6: 1663 daAuts
     D:7: 1549 daAuts
     D:3: 1445 daAuts
     D:5: 1427 daAuts
     D:4: 1326 daAuts
     D:2: 1295 daAuts
     D:8: 1280 daAuts
    D:11: 961 daAuts
    D:10: 900 daAuts
 Ossuary: 782 daAuts
  Lair:1: 132 daAuts
  Temple: 93 daAuts
   IceCv: 34 daAuts
